 Dungeon Crawl Stone Soup version 0.31-a0-743-g45f7035092 (webtiles) character file.

Game seed: 12035989045399716827

9622 iamoutofideas the Severer (level 11, -2/86 HPs)
             Began as a Hill Orc Berserker on Sept 12, 2023.
             Was a Believer of Trog.
             Slain by a slime creature (12 damage)
             ... on level 12 of the Dungeon.
             The game lasted 00:15:22 (12687 turns).

iamoutofideas the Severer (Hill Orc Berserker)     Turns: 12687, Time: 00:15:23

Health: -2/86      AC: 14    Str: 27    XL:     11   Next: 49%
Magic:  0/12       EV: 12    Int:  7    God:    Trog [**....]
Gold:   362        SH:  0    Dex: 10    Spells: 10/10 levels left

rFire   . . .        a - +1 hand axe
rCold   + . .        (no shield)
rNeg    + . .        p - +2 ring mail {rC+}
rPois   +            (no helmet)
rElec   +            m - +0 cloak
rCorr   +            v - +2 pair of gloves
SInv    .            A - +0 pair of boots
Will    ++...        n - amulet of guardian spirit Stlth
                     i - ring of the Slug {rElec rN+ rCorr Str+2}
HPRegen 1.34/turn    C - ring of poison resistance
MPRegen 0.13/turn

%: guardian spirit
@: strong-willed, on berserk cooldown, regenerating, slowed, very slow
A: no striking features
a: Renounce Religion, Berserk, Trog's Hand


You were on level 12 of the Dungeon.
You worshipped Trog.
Trog was pleased with you.
You visited 2 branches of the dungeon, and saw 13 of its levels.

You collected 583 gold pieces.
You spent 221 gold pieces at shops.

Inventory:

Hand Weapons
 a - a +1 hand axe (weapon)
 D - a +0 war axe
Armour
 l - a +0 chain mail of fire resistance
 m - a +0 cloak (worn)
 p - a +2 ring mail of cold resistance (worn)
 v - a +2 pair of gloves (worn)
 A - a +0 pair of boots (worn)
 G - +0 acid dragon scales
Jewellery
 g - a ring of flight
 i - the ring of the Slug (left hand) {rElec rN+ rCorr Str+2}
   (You found it on level 3 of the Dungeon)

   [ring of positive energy]

   Str+2:     It affects your strength (+2).
   rElec:     It insulates you from electricity.
   rN+:       It protects you from negative energy.
   rCorr:     It protects you from acid and corrosion.
 n - an amulet of guardian spirit (around neck)
 C - a ring of poison resistance (right hand)
Wands
 k - a wand of light (23)
 o - a wand of flame (20)
 q - a wand of iceblast (25)
 y - a wand of digging (4)
Scrolls
 b - 3 scrolls of blinking
 c - 2 scrolls of identify
 f - a scroll of fog
 j - a scroll of enchant armour
 r - 4 scrolls of noise
 u - a scroll of brand weapon
 w - a scroll of silence
 x - a scroll of immolation
Potions
 d - a potion of might
 h - 3 potions of haste
 s - 4 potions of curing
 t - 2 potions of mutation
 B - a potion of resistance
 E - a potion of brilliance {unknown}
 I - a potion of ambrosia


   Skills:
 - Level 5.0 Fighting
 + Level 1.7(2.1) Short Blades
 + Level 1.8(2.3) Long Blades
 - Level 18.0(18.1) Axes
 + Level 1.8(10.2) Maces & Flails
 + Level 1.8(10.2) Polearms
 + Level 1.4(2.1) Staves
 + Level 1.3 Ranged Weapons
 + Level 2.2 Throwing
 - Level 6.0 Armour
 - Level 5.0 Dodging
 + Level 1.7 Shields
 + Level 2.2 Invocations
 + Level 2.9 Evocations
 + Level 1.2 Shapeshifting


You had 10 spell levels left.
You didn't know any spells.
Your spell library contained the following spells:

 Spells                   Type           Power      Damage    Failure   Level
 Magic Dart               Conj           0%         1d3       54%         1
 Blink                    Tloc           0%         N/A       69%         2
 Call Imp                 Summ           0%         N/A       69%         2
 Lesser Beckoning         Tloc           0%         N/A       69%         2
 Momentum Strike          Conj/Tloc      0%         3d8       69%         2
 Dazzling Flash           Conj/Hex       0%         N/A       89%         3
 Mephitic Cloud           Conj/Pois/Air  0%         N/A       89%         3
 Agony                    Necr           0%         N/A       100%        5
 Silence                  Hex/Air        0%         N/A       100%        5


Dungeon Overview and Level Annotations

Branches:
Dungeon (12/15)            Temple (1/1) D:7            Lair (0/5) D:10
    Orc (0/2) D:12

Altars:
Ashenzari
Cheibriados
Dithmenos
Elyvilon
Fedhas
Gozag
Hepliaklqana
Kikubaaqudgha
Makhleb
Nemelex Xobeh
Okawaru
Qazlal
Ru
Sif Muna
Trog
Uskayaw
Vehumet
Wu Jian
Xom
Yredelemnul
Zin
The Shining One

Shops:
D:1 :   D:6 !

Annotations:
D:5 1 runed translucent door, bahustanut's ghost, novice TrSh
Temple 2 transporters


Message History

Unknown command.
You are too injured to fight recklessly!
Unknown command.
You hit the large slime creature.
Your punch misses the large slime creature.
The large slime creature is lightly wounded.
You hit the slime creature. You hit the orc but do no damage.
The slime creature hits you.
You slash the large slime creature!
Your punch misses the large slime creature.
The large slime creature is lightly wounded.
You hit the orc warrior but do no damage.
You hit the orc. You hit the slime creature.
The slime creature closely misses you. The orc closely misses you.
The orc warrior closely misses you.
You hit the orc.
You kill the orc!
Trog accepts your kill.
You hit the slime creature but do no damage.
You barely miss the orc warrior.
You barely miss the large slime creature.
The large slime creature hits you!
The slime creature hits you but does no damage.
The orc warrior hits you with a +0 mace.
Your skin crawls.
You feel strong-willed.
The orc warrior hits you with a +0 mace.
A large slime creature splits.
The slime creature hits you!
* * * LOW HITPOINT WARNING * * *
The slime creature hits you!
* * * LOW HITPOINT WARNING * * *
The slime creature hits you!
* * * LOW HITPOINT WARNING * * *
The orc warrior hits you but does no damage.
Unknown command.
The slime creature attacks as it pursues you!
The slime creature barely misses you.
Two slime creatures merge to form a large slime creature.
The slime creature hits you!
You die...

# #.....8.....#
#.#...........##
#..............## ###
#..8....>....8..##
#..#
#...............# ...
#...........#..# #.#
#...)J8)....#..###.##
####oJ...####.......#
###@####.........#
#..))..........#
######.........#
########.## #.# #.#
#.# #.# #.#


You could see a large slime creature, a slime creature and an orc warrior.

Vanquished Creatures
  A two-headed ogre (D:11)
  Nergalle (D:10)
  A cyclops (D:11)
  A gargoyle (D:10)
  A kobold demonologist (D:7)
  Psyche (D:8)
  A komodo dragon (D:10)
  A troll (D:12)
  A vampire (D:12)
  Sigmund (D:3)
  2 shadows
  A wraith (D:10)
  A wyvern (D:10)
  8 yaks
  Grum (D:10)
  A steam dragon (D:8)
  Menkaure (D:4)
  A water moccasin (D:7)
  2 acid dragons
  An orc warrior (D:12)
  An ice beast (D:6)
  A sky beast (D:8)
  2 black bears
  An ogre (D:4)
  3 centaurs
  4 wolves (D:10)
  Blork the orc (D:5)
  4 bullfrogs
  A gnoll sergeant (D:9)
  4 scorpions
  11 wights
  14 killer bees
  An electric eel (D:7)
  5 howler monkeys
  5 hounds
  3 jellies
  7 orc priests
  A gnoll bouda (D:9)
  Crazy Yiuf (D:3)
  3 iguanas
  2 sleepcaps
  Natasha (thrice) (D:3)
  5 orc wizards
  Ijyb (D:4)
  2 adders
  7 gnolls (D:9)
  4 worms
  2 dart slugs
  29 orcs
  2 bats
  11 endoplasms
  2 giant cockroaches (D:4)
  3 goblins
  8 hobgoblins
  9 jackals
  5 quokkas
  3 ball pythons
  2 frilled lizards (D:2)
  A kobold (D:3)
  4 rats
207 creatures vanquished.

Notes
Turn   | Place    | Note
-------+----------+-------------------------------------------
     0 | D:1      | iamoutofideas the Hill Orc Berserker began the quest for
                  | the Orb.
     0 | D:1      | Reached XP level 1. HP: 19/19 MP: 1/1
   131 | D:1      | Reached XP level 2. HP: 13/27 MP: 2/2
   559 | D:1      | Found Tuitexze's Book Emporium.
  1450 | D:2      | Reached XP level 3. HP: 30/33 MP: 3/3
  1502 | D:2      | Reached skill level 5 in Axes
  1779 | D:2      | Found the +7 staff of the Meek {protect, meekguard}
  1951 | D:3      | Noticed Natasha
  1962 | D:3      | Killed Natasha
  1963 | D:3      | Reached XP level 4. HP: 36/41 MP: 4/4
  2032 | D:3      | Found a snail-covered altar of Cheibriados.
  2078 | D:3      | You fall into a shaft and drop 1 floor!
  2103 | D:4      | Noticed a scorpion
  2111 | D:4      | Killed a scorpion
  2112 | D:4      | Reached skill level 6 in Axes
  2112 | D:4      | Reached XP level 5. HP: 47/47 MP: 5/5
  2257 | D:4      | Found a hide-covered altar of Uskayaw.
  2261 | D:4      | Found a radiant altar of Vehumet.
  2270 | D:4      | Reached ** piety under Trog
  2271 | D:4      | Reached skill level 7 in Axes
  2273 | D:4      | Noticed Menkaure
  2321 | D:4      | HP: 2/47 [Menkaure/nerve-wracking pain (10)]
  2331 | D:4      | Killed Menkaure
  2332 | D:4      | Reached XP level 6. HP: 22/55 MP: 6/6
  2337 | D:4      | Reached skill level 8 in Axes
  2593 | D:4      | Reached XP level 7. HP: 60/60 MP: 7/7
  2599 | D:3      | Noticed Natasha
  2606 | D:3      | Killed Natasha
  2607 | D:3      | Reached skill level 5 in Fighting
  2624 | D:3      | Noticed Natasha
  2640 | D:3      | Killed Natasha
  2871 | D:3      | Found a faded altar of an unknown god.
  3034 | D:3      | Noticed Sigmund
  3043 | D:3      | Killed Sigmund
  3044 | D:3      | Reached skill level 9 in Axes
  3246 | D:3      | Found a runed translucent door.
  3247 | D:3      | Noticed Crazy Yiuf
  3394 | D:3      | Identified the ring of the Slug {rElec rN+ rCorr Str+2}
  3585 | D:3      | Killed Crazy Yiuf
  3748 | D:4      | Found an ornate altar of the Wu Jian Council.
  3812 | D:4      | Found a stormy altar of Qazlal.
  3816 | D:4      | Noticed a fire elemental
  3816 | D:4      | Noticed an air elemental
  3816 | D:4      | Noticed a water elemental
  3914 | D:4      | Reached skill level 10 in Axes
  3914 | D:4      | Reached XP level 8. HP: 64/68 MP: 8/8
  3928 | D:4      | Noticed Ijyb
  3942 | D:4      | Killed Ijyb
  4257 | D:5      | Entered Level 5 of the Dungeon
  4325 | D:5      | Reached skill level 5 in Armour
  4362 | D:5      | Found a runed translucent door.
  4362 | D:5      | Noticed bahustanut's ghost (novice TrSh)
  4367 | D:5      | Found a glowing silver altar of Zin.
  4468 | D:5      | Noticed Blork the orc
  4481 | D:5      | Killed Blork the orc
  4484 | D:5      | Reached skill level 11 in Axes
  4611 | D:5      | Noticed a yak
  4611 | D:5      | Noticed a yak
  4612 | D:5      | Noticed a yak
  4620 | D:5      | Killed a yak
  4625 | D:5      | Killed a yak
  4628 | D:5      | Killed a yak
  4629 | D:5      | Reached skill level 12 in Axes
  5019 | D:6      | Reached XP level 9. HP: 61/74 MP: 9/9
  5214 | D:6      | Found a broken altar of Ashenzari.
  5226 | D:6      | Found a shimmering altar of Xom.
  5469 | D:6      | Reached skill level 13 in Axes
  5588 | D:6      | Found an opulent altar of Gozag.
  5623 | D:6      | Found Xuoneon's Distillery.
  5633 | D:6      | Bought a potion of curing for 39 gold pieces
  5633 | D:6      | Bought a potion of haste for 130 gold pieces
  5633 | D:6      | Bought a potion of might for 52 gold pieces
  5984 | D:7      | Found a staircase to the Ecumenical Temple.
  6016 | Temple   | Found a transporter.
  6016 | Temple   | Found a transporter.
  6016 | Temple   | Found a transporter.
  6016 | Temple   | Found a transporter.
  6016 | Temple   | Entered the Ecumenical Temple
  6081 | D:7      | Found a bloodstained altar of Trog.
  6538 | D:7      | Reached skill level 14 in Axes
  7190 | D:7      | Noticed a kobold demonologist
  7203 | D:7      | Killed a kobold demonologist
  7327 | D:7      | Reached skill level 15 in Axes
  7545 | D:8      | Noticed Psyche
  7558 | D:8      | Killed Psyche
  7559 | D:8      | Reached XP level 10. HP: 81/81 MP: 10/10
  7815 | D:8      | Reached skill level 16 in Axes
  8432 | D:8      | Found a shimmering blue altar of Sif Muna.
  8629 | D:9      | Found a white marble altar of Elyvilon.
  9475 | D:10     | Entered Level 10 of the Dungeon
  9475 | D:10     | Noticed Nergalle
  9497 | D:10     | Killed Nergalle
  9498 | D:10     | Reached skill level 17 in Axes
  9498 | D:10     | Reached skill level 5 in Dodging
  9506 | D:10     | Reached *** piety under Trog
 10019 | D:10     | Reached skill level 18 in Axes
 10019 | D:10     | Reached skill level 1 in Throwing
 10022 | D:10     | Reached XP level 11. HP: 82/86 MP: 11/11
 10025 | D:10     | Reached skill level 1 in Invocations
 10184 | D:10     | Found a staircase to the Lair.
 10269 | D:10     | Reached skill level 1 in Polearms
 10289 | D:10     | Reached skill level 1 in Maces & Flails
 10289 | D:10     | Reached skill level 1 in Evocations
 10360 | D:10     | Reached skill level 1 in Short Blades
 10360 | D:10     | Reached skill level 1 in Long Blades
 10450 | D:10     | Found a burning altar of Makhleb.
 10585 | D:10     | Reached skill level 1 in Shields
 10782 | D:10     | Noticed Grum
 10802 | D:10     | Killed Grum
 10803 | D:10     | Reached skill level 1 in Staves
 10803 | D:10     | Reached skill level 1 in Ranged Weapons
 11177 | D:11     | Reached skill level 1 in Shapeshifting
 11397 | D:11     | Noticed a two-headed ogre
 11409 | D:11     | Killed a two-headed ogre
 11586 | D:11     | Noticed a cyclops
 11597 | D:11     | Killed a cyclops
 11631 | D:11     | Noticed a boulder beetle
 12296 | D:11     | Identified the +8 sling "Risiaqah" {heavy, Will+ Str+3
                  | SInv}
 12674 | D:12     | Found a staircase to the Orcish Mines.
 12687 | D:12     | Slain by a slime creature

Illustrated notes

Levels and vault maps discovered:
D:1:      dpeg_arrival_rooms_with_view, layout_basic, serial_shops, shop
D:2:      layout_rooms
D:3:      layout_basic, kennysheep_slug_shrine,
          hellmonk_ecumenical_altar_run_dry, uniq_crazy_yiuf_cottage,
          uniq_sigmund, uniq_natasha
D:4:      layout_loops_ring, nicolae_qazlal_style_of_elements,
          nzn_wu_jian_council_hall, grunt_temple_overflow_open, uniq_menkaure,
          uniq_ijyb
D:5:      layout_basic, zin_academy, ebering_ghost_inner_flame,
          uniq_blork_the_orc
D:6:      layout_loops_ring, mainiacjoe_overflow_paths, grunt_gozag_breadcrumbs,
          ashenzari_conservatory_becter, serial_shops, nicolae_square_shop
D:7:      layout_layer_cave, mainiacjoe_overflow_six_doors_small, temple_green,
          chequers_jeans, minivault_14
D:8:      layout_basic, lemuel_blue_sif_altar, kennysheep_generic_room_4,
          uniq_psyche
D:9:      layout_big_octagon, mainiacjoe_overflow_small_starburst
D:10:     layout_stronghold, mainiacjoe_overflow_brackets, lair_entry_dummy,
          blue_anna_alchemist, uniq_nergalle, uniq_grum
D:11:     layout_roguey
D:12:     layout_basic, david_orc_2, serial_shops,
          nicolae_shop_temple_entry_statues_fountains,
          portal_ice_cave_entry_pillars_1, nicolae_shop_vocational
Temple:   hellmonk_temple_divided_pantheon

Skill      XL: |  1  2  3  4  5  6  7  8  9 10 11 |
---------------+----------------------------------+-----
Fighting       | 4 5 |  5.0
Axes           | 5 6 7 8 10 12 15 18 | 18.0
Dodging        | 2 3 5 |  5.0
Armour         | 3 4 6 |  6.0
Throwing       | 1 2 |  2.2
Invocations    | 2 |  2.2
Polearms       | 1 |  1.8
Maces & Flails | 1 |  1.8
Evocations     | 2 |  2.9
Short Blades   | 1 |  1.7
Long Blades    | 1 |  1.8
Shields        | 1 |  1.7
Staves         | 1 |  1.4
Ranged Weapons | 1 |  1.3
Shapeshifting  | 1 |  1.2

Action                     |  1- 3 |  4- 6 |  7- 9 | 10-12 || total
---------------------------+-------+-------+-------+-------++-------
  Melee: Hand axe          |   114 |    70 |   356 |   406 ||   946
         Punch             |       |       |     5 |     5 ||    10
 Invoke: Berserk           |     2 |     3 |    13 |    20 ||    38
         Trog's Hand       |       |     1 |       |     4 ||     5
  Evoke: Wand              |       |     1 |       |    13 ||    14
    Use: Potion            |       |     5 |       |     3 ||     8
         Scroll            |       |     2 |     7 |    10 ||    19
 Armour: Animal skin       |    20 |       |       |       ||    20
         Ring mail         |    22 |       |   125 |   330 ||   477
         Chain mail        |     9 |    84 |    70 |       ||   163
  Dodge: Dodged            |    63 |    51 |   129 |   234 ||   477

Table legend: (Time is in decaauts)
 A = Elapsed time spent in this place.
 B = Non-inter-level travel time spent in this place.
 C = Inter-level travel time spent in this place.
 D = Time resting spent in this place.
 E = Time spent auto-exploring this place.
 F = Levels seen in this place.
 G = Mean time per level.
                   A        B        C        D        E       F      G
               +--------+--------+--------+--------+--------+-----+--------+
         Total |  12746 |  12237 |    509 |   2490 |   8102 |  13 |  980.5 |
       Dungeon |  12734 |  12226 |    508 |   2490 |   8102 |  12 | 1061.2 |
        Temple |     11 |     11 |      0 |      0 |      0 |   1 |   11.0 |
               +--------+--------+--------+--------+--------+-----+--------+

Top non-repeatable levels by time:
    D:10: 1615 daAuts
     D:7: 1549 daAuts
    D:11: 1489 daAuts
     D:1: 1368 daAuts
     D:3: 1238 daAuts
     D:4: 1146 daAuts
     D:8: 1142 daAuts
     D:6: 989 daAuts
     D:9: 811 daAuts
     D:5: 728 daAuts
     D:2: 569 daAuts
    D:12: 86 daAuts
  Temple: 11 daAuts
